 Dungeon Sprint DCSS version 0.28-a0-224-g76b539d98b (webtiles) character file.

Game seed: 17828369922549507492

8840 Conn the Arsonist (level 11, -3/70 HPs)
             Began as an Octopode Fire Elementalist on Aug 21, 2021.
             Was the Champion of Sif Muna.
             Killed from afar by a green death (35 damage)
             ... with a poison arrow
             ... in the Dungeon (Sprint VII: "The Pits").
             The game lasted 00:23:11 (3917 turns).

Conn the Arsonist (Octopode Fire Elementalist)      Turns: 3917, Time: 00:23:16

Health: -3/70      AC:  1    Str: 11    XL:     11   Next: 37%
Magic:  14/27      EV: 15    Int: 23    God:    Sif Muna [******]
Gold:   7          SH:  0    Dex: 13    Spells: 0/34 levels left

rFire   . . .      SeeInvis .   o - +2 rapier (distort)
rCold   . . .      Faith    .   (no shield)
rNeg    . . .      Spirit   .   (helmet restricted)
rPois   .          Reflect  .   (no amulet)
rElec   .          Harm     .   j - +3 ring of intelligence
rCorr   .          Rampage  .   l - +3 ring of strength
Will    .....      NoTele   +   (no ring)
Stlth   +++++.....              (no ring)
HPRegen 0.21/turn               (no ring)
MPRegen 0.20/turn               (no ring)
                                (no ring)
                                (no ring)

@: lethally poisoned (-3 -> -17), on berserk cooldown, slowed, very slow
A: almost no armour, amphibious, 8 rings, camouflage 1, gelatinous body 1,
(nimble swimmer 1), tentacles
a: Renounce Religion, Channel Magic, Forget Spell, Divine Exegesis


You were in the Dungeon.
You worshipped Sif Muna.
Sif Muna was exalted by your worship.
You visited 1 branch You collected 7 gold pieces.

Inventory:

Hand Weapons
 g - a +2 dagger
 k - a +1 dagger of draining
 o - a +2 rapier of distortion (weapon)
 q - a +3 dagger of electrocution
Jewellery
 j - a +3 ring of intelligence (left tentacle)
 l - a +3 ring of strength (right tentacle)
Wands
 p - a wand of acid (7)
Scrolls
 i - 5 scrolls of amnesia
Potions
 a - 3 potions of curing
 d - 2 potions of magic
 e - 3 potions of berserk rage
 m - 2 potions of brilliance
 n - a potion of might


   Skills:
 + Level 4.8 Fighting
 + Level 6.7 Short Blades
 + Level 6.9 Dodging
 + Level 8.9 Stealth
 + Level 12.0 Spellcasting
 + Level 9.6 Conjurations
 + Level 3.9 Hexes
 + Level 2.7 Transmutations
 + Level 13.2 Fire Magic
 * Level 8.1 Ice Magic
 + Level 3.1 Air Magic
 + Level 2.1 Earth Magic
 + Level 3.4 Poison Magic
 * Level 9.4 Invocations


You couldn't memorise any spells.
You knew the following spells:

 Your Spells              Type           Power      Damage    Failure   Level
a - Foxfire               Conj/Fire      100%       2x1d9     1%          1
b - Conjure Flame         Conj/Fire      60%        6-21      1%          3
c - Inner Flame           Hex/Fire       52%        N/A       1%          3
d - Sticky Flame          Conj/Fire      60%        2d8       1%          4
e - Fireball              Conj/Fire      30%        3d13      1%          5
f - Mephitic Cloud        Conj/Pois/Air  38%        N/A       1%          3
g - Ignite Poison         Fire/Tmut/Pois 43%        N/A       1%          3
h - Frozen Ramparts       Ice            100%       1d12      1%          3
i - Bolt of Magma         Conj/Fire/Erth 25%        4d12      4%          5
j - Airstrike             Air            14%        N/A       13%         4

Your spell library contained the following spells:

 Spells                   Type           Power      Damage    Failure   Level
 Shock                    Conj/Air       100%       1d9       1%          1
 Ensorcelled Hibernation  Hex/Ice        82%        N/A       1%          2
 Ozocubu's Armour         Ice            51%        N/A       1%          3
 Confusing Touch          Hex            31%        N/A       2%          3
 Fulminant Prism          Conj/Hex       22%        3d13      2%          4
 Iskenderun's Battlesphe  Conj           55%        2d11      2%          5
 Corpse Rot               Necr/Air       N/A        N/A       3%          2
 Summon Small Mammal      Summ           52%        N/A       4%          1
 Ice Form                 Ice/Tmut       39%        N/A       4%          4
 Freezing Cloud           Conj/Ice/Air   22%        6-21      8%          5
 Irradiate                Conj/Tmut      21%        3d21      10%         5
 Lightning Bolt           Conj/Air       21%        1d36      10%         5
 Leda's Liquefaction      Hex/Erth       13%        N/A       13%         4
 Call Canine Familiar     Summ           13%        N/A       14%         3
 Vampiric Draining        Necr           6%         2d6       14%         3
 Summon Lightning Spire   Summ/Air       21%        N/A       24%         4
 Blade Hands              Tmut           13%        N/A       38%         5
 Conjure Ball Lightning   Conj/Air       21%        3x3d6     45%         6
 Excruciating Wounds      Necr           6%         N/A       77%         5
 Ignition                 Fire           32%        3d10      80%         8
 Spellforged Servitor     Conj/Summ      18%        N/A       99%         7
 Dragon Form              Tmut           13%        N/A       100%        7
 Discord                  Hex            15%        N/A       100%        8
 Chain Lightning          Conj/Air       21%        3d28      100%        9
 Fire Storm               Conj/Fire      30%        8d8       100%        9


Dungeon Overview and Level Annotations

Branches:
Dungeon (1/1)

Altars:
Ashenzari
Cheibriados
Dithmenos
Elyvilon
Fedhas
Gozag
Hepliaklqana
Kikubaaqudgha
Makhleb
Nemelex Xobeh
Okawaru
Qazlal
Ru
Sif Muna
Trog
Uskayaw
Vehumet
Wu Jian
Xom
Yredelemnul
Zin
The Shining One
Beogh
Jiyva
Lugonu

Annotations:
D Erica


Innate Abilities, Weirdness & Mutations

You cannot wear most types of armour.
You are amphibious.
You can wear up to eight rings at the same time.
Your skin changes colour to match your surroundings (Stealth+).
Your rubbery body absorbs attacks. (AC +1, EV +1)
((You are camouflaged near water. (Stealth+)))
You have tentacles for arms and can constrict up to eight enemies at once.


Message History

The adder is moderately wounded.
The adder blinks!
You miss the adder. You grab the adder. You squeeze the adder.
The adder is moderately wounded.
You constrict the adder. The adder closely misses you.
Casting: Fireball (dangerous; 1% risk of failure)
Confirm with . or Enter, or press ? or * to list all spells.
Okay, then.
Okay, then.
Casting: Fireball (dangerous; 1% risk of failure)
Confirm with . or Enter, or press ? or * to list all spells.
Aiming: Sticky Flame (safe; 1% risk of failure)
Press: ? - help, Shift-Dir - straight line, f - green death
Aim: a green death (lightly wounded, 100% to hit)
The sticky flame hits the green death but does no damage.
The green death is lightly wounded.
The green death is covered in liquid flames!
You constrict the adder.
The green death burns!
The adder completely misses you. The green death hits you!!
* * * LOW HITPOINT WARNING * * *
The adder bites you but does no damage.
You feel much better.
You constrict the adder.
You kill the adder!
Sif Muna accepts your kill.
The green death burns! x2; The green death hits you!!
* * * LOW HITPOINT WARNING * * *
The green death gestures at you. The bolt of poison misses you.
Okay, then.
You feel much better.
The green death burns!
The green death gestures at you. The poison arrow hits you!!
You are poisoned.
You feel better.
The green death burns!
The green death stops burning.
The green death closely misses you. The green death gestures at you.
The poison arrow hits you!!
You are poisoned.
Ouch! That really hurt!
You die...

.......# ''###### ''#
######## ##### ..#
##.).[..###2..##
..###..#'#.........##
.[##..##(##..†..#...#
..##.##...##...###.°#
..####.....##.##.##[##
...##......#...#@#.))#...
....)......')..2†+...).....
..§##.....[#...#.#...#.....
..####.....##.##.##.###.†t.
.[# ##)).##...###..# #...
..# ##.##.....# ..# #.. ..#
#'#.........## #. ..# .....
##...# ### ##### ####


You could see a green death.

Vanquished Creatures
  A two-headed ogre (D)
  A shadow wraith (D)
  A deep troll (D)
  A swamp dragon (D)
  A sea snake (D)
  A cyclops (D)
  Maurice (D)
  A black mamba (D)
  2 smoke demons (D)
  An efreet (D)
  A freezing wraith (D)
  A hellwing (D)
  A tyrant leech (D)
  A wind drake (D)
  7 dream sheep (D)
  2 spriggans (D)
  A fire bat (D)
  A wraith (D)
  A fire elemental (D)
  A steam dragon (D)
  Grum (D)
  An acid dragon (D)
  A water moccasin (D)
  2 sky beasts (D)
  2 ogres (D)
  2 necrophages (D)
  A centaur (D)
  6 wolves (D)
  A kobold brigand (D)
  A scorpion (D)
  A bullfrog (D)
  A crimson imp (D)
  A gnoll shaman (D)
  Jessica (D)
  An orc wizard (D)
  5 gnolls (D)
  An adder (D)
  A white imp (D)
  A worm (D)
  2 orcs (D)
  A ball python (D)
  A bat (D)
  A giant cockroach (D)
  2 goblins (D)
  5 jackals (D)
  2 kobolds (D)
  A quokka skeleton (D)
74 creatures vanquished.

Vanquished Creatures (collateral kills)
  Menkaure (D)
  A gnoll (D)
2 creatures vanquished.

Vanquished Creatures (others)
  An endoplasm (D)
  120 foxfires (D)
121 creatures vanquished.

Grand Total: 197 creatures vanquished

Notes
Turn   | Place    | Note
-------+----------+-------------------------------------------
     0 | D        | Conn the Octopode Fire Elementalist began the quest for the
                  | Orb.
     0 | D        | Reached XP level 1. HP: 11/11 MP: 3/3
    27 | D        | Reached skill level 4 in Fire Magic
    27 | D        | Reached XP level 2. HP: 17/17 MP: 0/5
    68 | D        | Found a bloodstained altar of Trog.
    68 | D        | Found a shimmering blue altar of Sif Muna.
    68 | D        | Found a viscous altar of Jiyva.
    68 | D        | Found a hazy altar of Hepliaklqana.
    68 | D        | Found an opulent altar of Gozag.
    69 | D        | Found a glowing golden altar of the Shining One.
    69 | D        | Found a glowing silver altar of Zin.
    69 | D        | Found a basalt altar of Yredelemnul.
    69 | D        | Found a shimmering altar of Xom.
    69 | D        | Found an ornate altar of the Wu Jian Council.
    69 | D        | Found a sacrificial altar of Ru.
    69 | D        | Found a stormy altar of Qazlal.
    69 | D        | Found an iron altar of Okawaru.
    69 | D        | Found a sparkling altar of Nemelex Xobeh.
    69 | D        | Found a burning altar of Makhleb.
    69 | D        | Found a blossoming altar of Fedhas.
    69 | D        | Found a white marble altar of Elyvilon.
    69 | D        | Found a shadowy altar of Dithmenos.
    69 | D        | Found a snail-covered altar of Cheibriados.
    71 | D        | Found a corrupted altar of Lugonu.
    71 | D        | Found a radiant altar of Vehumet.
    72 | D        | Found an ancient bone altar of Kikubaaqudgha.
    72 | D        | Found a hide-covered altar of Uskayaw.
    72 | D        | Found a broken altar of Ashenzari.
    73 | D        | Became a worshipper of Sif Muna the Loreminder
   116 | D        | Reached * piety under Sif Muna
   219 | D        | Reached ** piety under Sif Muna
   250 | D        | Noticed a scorpion
   257 | D        | Killed a scorpion
   258 | D        | Reached skill level 1 in Short Blades
   258 | D        | Reached skill level 6 in Fire Magic
   258 | D        | Reached XP level 3. HP: 21/21 MP: 1/8
   258 | D        | Reached XP level 4. HP: 27/27 MP: 1/10
   268 | D        | Reached *** piety under Sif Muna
   390 | D        | Learned a level 3 spell: Conjure Flame
   394 | D        | Learned a level 3 spell: Inner Flame
   399 | D        | Learned a level 4 spell: Sticky Flame
   410 | D        | Noticed Jessica
   414 | D        | Noticed Menkaure
   417 | D        | Killed Jessica
   418 | D        | Reached skill level 7 in Fire Magic
   421 | D        | Reached XP level 5. HP: 32/32 MP: 2/11
   460 | D        | Reached skill level 5 in Spellcasting
   486 | D        | Reached **** piety under Sif Muna
   487 | D        | Reached skill level 8 in Fire Magic
   504 | D        | Killed Menkaure
   505 | D        | Reached skill level 1 in Fighting
   505 | D        | Reached XP level 6. HP: 20/38 MP: 0/14
   541 | D        | Noticed a sky beast
   558 | D        | Killed a sky beast
   559 | D        | Reached skill level 5 in Stealth
   559 | D        | Reached skill level 9 in Fire Magic
   567 | D        | Reached ***** piety under Sif Muna
   567 | D        | Received a gift from Sif Muna
   568 | D        | Reached XP level 7. HP: 32/44 MP: 1/17
   572 | D        | Got Sif Muna's Easy Hermeneutics {god gift}
   579 | D        | Learned a level 5 spell: Fireball
   583 | D        | Learned a level 3 spell: Mephitic Cloud
   697 | D        | Noticed a two-headed ogre
   700 | D        | Killed a two-headed ogre
   701 | D        | Reached skill level 5 in Short Blades
   701 | D        | Reached skill level 5 in Dodging
   701 | D        | Reached skill level 11 in Fire Magic
   701 | D        | Reached XP level 8. HP: 37/51 MP: 13/20
   784 | D        | Learned a level 3 spell: Ignite Poison
   802 | D        | Reached skill level 1 in Hexes
   802 | D        | Reached skill level 1 in Transmutations
   802 | D        | Reached skill level 1 in Air Magic
   802 | D        | Reached skill level 1 in Poison Magic
   802 | D        | Reached skill level 1 in Invocations
   996 | D        | Noticed Grum
   996 | D        | Noticed a tyrant leech
  1007 | D        | Killed Grum
  1052 | D        | Killed a tyrant leech
  1052 | D        | Received a gift from Sif Muna
  1053 | D        | Reached XP level 9. HP: 31/57 MP: 1/22
  1064 | D        | Got Sif Muna's Grimoire of Malediction and Ice {god gift}
  1419 | D        | Learned a level 3 spell: Frozen Ramparts
  1425 | D        | Noticed a hellwing
  1426 | D        | Noticed Maurice
  1433 | D        | Killed a hellwing
  1434 | D        | Reached skill level 1 in Ice Magic
  1439 | D        | Killed Maurice
  1581 | D        | Noticed a freezing wraith
  1613 | D        | Reached skill level 5 in Invocations
  1896 | D        | Killed a freezing wraith
  1896 | D        | Received a gift from Sif Muna
  2152 | D        | Noticed Erica
  2152 | D        | Noticed an alligator snapping turtle
  2189 | D        | Reached skill level 10 in Spellcasting
  2189 | D        | Reached skill level 12 in Fire Magic
  2198 | D        | Reached ****** piety under Sif Muna
  2199 | D        | Reached XP level 10. HP: 15/63 MP: 12/24
  2208 | D        | HP: 2/63 [something (15)]
  2220 | D        | Killed a shadow wraith
  2221 | D        | Reached skill level 5 in Ice Magic
  2545 | D        | Noticed a cyclops
  2546 | D        | Noticed a smoke demon
  2556 | D        | Killed a cyclops
  2556 | D        | Received a gift from Sif Muna
  2558 | D        | Got Sif Muna's Reference Book on Confrontation and the
                  | Glacier {god gift}
  2578 | D        | Learned a level 5 spell: Bolt of Magma
  2813 | D        | Killed a smoke demon
  3030 | D        | Noticed an alligator snapping turtle
  3033 | D        | Noticed a swamp dragon
  3228 | D        | Noticed a sea snake
  3228 | D        | Noticed a black mamba
  3232 | D        | Killed a black mamba
  3247 | D        | Killed a sea snake
  3520 | D        | Killed a swamp dragon
  3520 | D        | Received a gift from Sif Muna
  3521 | D        | Got Sif Muna's Incunabulum of Supportive Flight {god gift}
  3525 | D        | Noticed a smoke demon
  3534 | D        | Killed a smoke demon
  3537 | D        | Reached skill level 1 in Earth Magic
  3537 | D        | Reached XP level 11. HP: 14/70 MP: 12/26
  3875 | D        | Received a gift from Sif Muna
  3883 | D        | Reached skill level 13 in Fire Magic
  3883 | D        | Noticed a deep troll
  3893 | D        | Killed a deep troll
  3893 | D        | Received a gift from Sif Muna
  3894 | D        | Got Sif Muna's Compendium of Scorching Black Rituals {god
                  | gift}
  3894 | D        | Got Sif Muna's Reference Book on Shifting Air {god gift}
  3900 | D        | Learned a level 4 spell: Airstrike
  3901 | D        | Noticed a green death
  3917 | D        | Killed from afar by a green death

Illustrated notes

Levels and vault maps discovered:
D:        pitsprint [storerooms_1, entrance_room_1, metal_vault_3, armoury_2,
          mini_pit_1, grid_room_1, main_hall_1, silver_pit, the_coven_2,
          the_vestibule_1, steel_vault_5, golden_pit, hallway_of_sentries,
          crystal_vault_1, iron_vault_1, final_vault]

Skill      XL: |  1  2  3  4  5  6  7  8  9 10 11 |
---------------+----------------------------------+-----
Stealth        | 3 4 5 7 8 |  8.9
Fire Magic     | 4 6 7 8 9 11 12 13 | 13.2
Spellcasting   | 4 5 7 8 9 10 11 12 | 12.0
Short Blades   | 1 3 4 5 6 |  6.7
Dodging        | 3 4 5 6 |  6.9
Conjurations   | 2 3 4 6 7 8 9 |  9.6
Fighting       | 1 2 3 4 |  4.8
Hexes          | 2 3 |  3.9
Transmutations | 2 |  2.7
Air Magic      | 2 3 |  3.1
Poison Magic   | 3 |  3.4
Invocations    | 2 5 8 9 |  9.4
Ice Magic      | 4 7 8 |  8.1
Earth Magic    | 1 2 |  2.1

Action                   |  1- 3 |  4- 6 |  7- 9 | 10-12 || total
-------------------------+-------+-------+-------+-------++-------
Melee: Dagger            |    10 |    10 |    13 |       ||    33
       Tentacles         |     4 |     4 |     5 |     2 ||    15
       Constrict         |     3 |     3 |     3 |     2 ||    11
       Rapier            |       |       |     9 |    16 ||    25
 Cast: Foxfire           |    16 |    16 |    23 |    23 ||    78
       Inner Flame       |       |     1 |     4 |     2 ||     7
       Conjure Flame     |       |     1 |     1 |       ||     2
       Sticky Flame      |       |     2 |    11 |     7 ||    20
       Fireball          |       |       |     7 |    16 ||    23
       Frozen Ramparts   |       |       |     1 |     4 ||     5
       Mephitic Cloud    |       |       |     1 |     1 ||     2
       Bolt of Magma     |       |       |       |     8 ||     8
Invok: Channel Magic     |       |       |     1 |       ||     1
  Use: Potion            |       |     1 |     2 |    17 ||    20
       Scroll            |       |     1 |       |     1 ||     2
 Stab: Sleeping          |       |       |     2 |     1 ||     3
       Confused          |       |       |     1 |       ||     1
Armor: Skin              |       |       |     4 |     1 ||     5
Dodge: Dodged            |    12 |     4 |    36 |    32 ||    84

Table legend: (Time is in decaauts)
 A = Elapsed time spent in this place.
 B = Non-inter-level travel time spent in this place.
 C = Inter-level travel time spent in this place.
 D = Time resting spent in this place.
 E = Time spent auto-exploring this place.
 F = Levels seen in this place.
 G = Mean time per level.
                   A        B        C        D        E       F      G
               +--------+--------+--------+--------+--------+-----+--------+
         Total |   3895 |   3895 |      0 |   2366 |    284 |   1 | 3895.0 |
       Dungeon |   3895 |   3895 |      0 |   2366 |    284 |   1 | 3895.0 |
               +--------+--------+--------+--------+--------+-----+--------+

Top non-repeatable levels by time:
       D: 3895 daAuts
